 Dungeon Crawl Stone Soup version 0.16.1-30-g34a7ffa (webtiles) character file.

8236 karol the Fighter (level 11, -11/104 HPs)
             Began as a Minotaur Berserker on June 30, 2015.
             Was a High Priest of Trog.
             Mangled by an orc warrior
             ... wielding a +0 scimitar
              (14 damage)
             ... on level 10 of the Dungeon.
             The game lasted 00:38:47 (11285 turns).

karol the Fighter (Minotaur Berserker)             Turns: 11285, Time: 00:38:47

Health: -11/104    AC: 18    Str: 25    XL:     11   Next: 7%
Magic:  1/1        EV: 10    Int:  4    God:    Trog [*****.]
Gold:   172        SH:  0    Dex: 10    Spells: 0 memorised, 10 levels left

rFire  . . .     SeeInvis .     N - +3 great mace (antimagic)
rCold  . . .     Clarity  +     M - +0 plate armour
rNeg   . . .     SustAb   .     (no shield)
rPois  .         Gourm    .     (helmet restricted)
rElec  .         Spirit   .     h - +2 cloak
rCorr  .         Warding  .     (no gloves)
rMut   .         Stasis   .     (no boots)
MR     .....                    (no amulet)
Stlth  ..........               (no ring)
                                (no ring)

@: lethally poisoned (-11 -> -25), exhausted, rotting, slowed, drained, very
slow, not resistant to hostile enchantments, extremely unstealthy
A: retaliatory headbutt, beak, horns 2, clarity
a: Burn Spellbooks, Berserk, Trog's Hand, Brothers in Arms, Renounce Religion


You were on level 10 of the Dungeon.
You worshipped Trog.
Trog was extremely pleased with you.
You were hungry.

You visited 2 branches of the dungeon, and saw 11 of its levels.

You collected 592 gold pieces.
You spent 420 gold pieces at shops.

Inventory:

Hand weapons
 C - the +4 flail "Killer Klown's Doom" {drain, Dex+2}
   (You found it on level 6 of the Dungeon)

   A truly terrible weapon, it drains the life of those it strikes.
   It affects your dexterity (+2).
 N - a +3 antimagic great mace (weapon)
Armour
 h - a +2 cloak (worn)
 x - a +0 ring mail of cold resistance
 M - a +0 plate armour (worn)
Magical devices
 u - a wand of fire (14)
 D - a wand of polymorph (21)
 H - a wand of digging (13)
 P - a wand of draining (0)
Scrolls
 a - a scroll of enchant armour {unknown}
 b - a scroll of blinking {unknown}
 e - 2 scrolls of recharging
 g - 2 scrolls of teleportation
 i - 2 scrolls of remove curse
 m - 2 scrolls of identify {unknown}
 o - 2 scrolls of fog
 s - a scroll of magic mapping
 v - a scroll of noise
 y - a scroll of immolation {unknown}
 E - 2 scrolls of amnesia
 G - a scroll of enchant weapon {unknown}
 I - a scroll of fear
 L - a scroll of brand weapon {unknown}
Potions
 d - 5 potions of curing
 f - 2 potions of poison {unknown}
 j - 2 potions of cancellation {unknown}
 k - a potion of agility {unknown}
 n - a potion of restore abilities {unknown}
 p - 2 potions of haste {unknown}
 q - a potion of flight {unknown}
 t - a potion of heal wounds {unknown}
 w - a potion of berserk rage {unknown}
 z - 2 potions of might {unknown}
 A - 2 potions of resistance {unknown}
 F - a potion of lignification {unknown}
 J - a potion of mutation {unknown}
 O - a potion of ambrosia {unknown}
Comestibles
 c - 3 bread rations
 l - a beef jerky
 r - 2 meat rations
 B - a fruit
 K - a royal jelly


   Skills:
 - Level 12.0(10.6) Fighting
 + Level 9.3(8.0) Maces & Flails
 - Level 11.4(10.1) Armour
 - Level 8.7(7.4) Dodging


You had 10 spell levels left.
You didn't know any spells.

Dungeon Overview and Level Annotations

Branches:
Dungeon (10/15)            Temple (1/1) D:6            Lair (0/8) D:8
    Orc: D:9-12

Altars:
Ashenzari
Cheibriados
Dithmenos
Elyvilon
Fedhas
Gozag
Kikubaaqudgha
Makhleb
Nemelex Xobeh
Okawaru
Qazlal
Ru
Trog
Vehumet
Xom
Yredelemnul
Zin
The Shining One

Shops:
D:4 !


Innate Abilities, Weirdness & Mutations

You reflexively headbutt those who attack you in melee.
You have a pair of horns on your head.
You have a beak for a mouth.
You possess an exceptional clarity of mind.


Message History

* * * LOW HITPOINT WARNING * * *
The necrophage hits you but does no damage.
The killer bee barely misses you.
The orc warrior hits you with a scimitar.
* * * LOW HITPOINT WARNING * * *
Read which item? (? for menu, Esc to quit)
Okay, then.
Drink which item? (? for menu, Esc to quit)
Okay, then.
Your plate armour prevents you from hitting the killer bee.
The killer bee is severely wounded.
* * * LOW HITPOINT WARNING * * *
You feel sick. The killer bee stings you.
* * * LOW HITPOINT WARNING * * *
You are more poisoned.
The killer bee poisons you! The killer bee closely misses you.
The necrophage barely misses you.
The killer bee stings you but does no damage.
The orc warrior hits you with a scimitar!
You die...

.......#########...##### ####..#
#...#####
##############..#########........
.................................
.....!.................##########
.......................##########
.................................
...............n†y...............
........)......o@(......#########
###..#################).# #..
##########))######### ...
..........)..........
.....................
....................
....................
....................
###################


You could see an orc warrior, a necrophage and a killer bee.

Vanquished Creatures
  Erica (D:10)
  The ghost of emiel the Basher, an experienced DDSk of Makhleb (D:9)
  2 hill giants (D:10)
  A troll (D:9)
  A two-headed ogre (D:9)
  A trapdoor spider (D:10)
  A hungry ghost (D:10)
  Eustachio (D:8)
  4 yaks (D:9)
  2 hippogriffs
  2 necrophages
  2 orc warriors
  An eye of draining (D:6)
  2 sky beasts
  A black bear (D:6)
  An ice beast (D:9)
  A phantom (D:6)
  6 centaurs
  4 ogres
  7 giant frogs
  A water moccasin skeleton (D:9)
  A wyvern zombie (D:8)
  11 killer bees (D:10)
  5 scorpions
  A crimson imp (D:8)
  4 wights (D:10)
  2 hounds
  A goliath beetle (D:6)
  2 giant frog zombies
  3 jellies
  4 iguanas
  4 orc priests
  A giant frog skeleton (D:10)
  8 worker ants
  A centaur skeleton (D:10)
  6 orc wizards
  A mummy (D:8)
  A hound skeleton (D:8)
  12 adders
  3 gnolls (D:4)
  2 shadow imps (D:5)
  3 giant mites
  3 worms (D:2)
  An adder zombie (D:5)
  An adder skeleton (D:8)
  6 giant geckos
  2 oozes (D:4)
  26 orcs
  2 bat skeletons
  10 giant cockroaches
  8 goblins
  13 hobgoblins
  5 jackals
  21 kobolds
  5 quokkas
  3 ball pythons
  6 bats
  A giant gecko skeleton (D:5)
  2 giant newts
  19 rats
  5 ballistomycetes (D:6)
258 creatures vanquished.

Vanquished Creatures (others)
  2 giant spores (D:6)
2 creatures vanquished.

Grand Total: 260 creatures vanquished

Notes
Turn   | Place    | Note
--------------------------------------------------------------
     0 | D:1      | karol, the Minotaur Berserker, began the quest for the Orb.
     0 | D:1      | Reached XP level 1. HP: 19/19 MP: 1/1
    38 | D:1      | Reached skill level 4 in Maces & Flails
    84 | D:1      | Reached XP level 2. HP: 27/27 MP: 1/1
   241 | D:1      | Acquired Trog's second power
   650 | D:2      | Reached skill level 5 in Maces & Flails
   650 | D:2      | Reached XP level 3. HP: 33/33 MP: 2/2
  1451 | D:2      | Reached XP level 4. HP: 25/40 MP: 2/2
  1725 | D:3      | Reached skill level 6 in Maces & Flails
  2016 | D:3      | Found a bloodstained altar of Trog.
  2080 | D:3      | Found an ancient bone altar of Kikubaaqudgha.
  2760 | D:4      | Found Khygitor's Distillery.
  3209 | D:4      | Reached XP level 5. HP: 41/46 MP: 2/2
  3282 | D:4      | Reached skill level 7 in Maces & Flails
  3462 | D:4      | Acquired Trog's third power
  3741 | D:5      | Entered Level 5 of the Dungeon
  3751 | D:5      | Reached XP level 6. HP: 46/52 MP: 3/3
  3982 | D:5      | Reached skill level 5 in Armour
  4025 | D:5      | Found a glowing golden altar of the Shining One.
  4295 | D:5      | Noticed an ogre
  4298 | D:5      | Killed an ogre
  4528 | D:5      | Reached XP level 7. HP: 58/58 MP: 3/3
  4667 | D:5      | Found a snail-covered altar of Cheibriados.
  4667 | D:5      | Noticed a centaur
  4685 | D:5      | Killed a centaur
  5022 | D:6      | Reached skill level 8 in Armour
  5067 | D:6      | Got an encrusted flail
  5068 | D:6      | Identified the +4 flail "Killer Klown's Doom" {drain, Dex+2} (You found it on level 6 of the Dungeon)
  5113 | D:6      | Reached skill level 9 in Armour
  5270 | D:6      | Found a staircase to the Ecumenical Temple.
  5310 | D:6      | Reached XP level 8. HP: 60/66 MP: 3/3
  5367 | D:6      | Found a sand-covered staircase.
  5631 | D:6      | Reached skill level 10 in Armour
  6424 | D:7      | Found a sparkling altar of Nemelex Xobeh.
  6685 | D:8      | Reached skill level 11 in Armour
  6794 | D:8      | Found a staircase to the Lair.
  7124 | D:8      | Reached skill level 5 in Fighting
  7217 | D:8      | Noticed Eustachio
  7224 | D:8      | Killed Eustachio
  7224 | D:8      | Reached XP level 9. HP: 78/78 MP: 4/4
  7410 | D:8      | Found a shimmering altar of Xom.
  7824 | Temple   | Entered the Ecumenical Temple
  8148 | D:4      | Bought a potion of beneficial mutation for 420 gold pieces
  8148 | D:4      | Gained mutation: You possess an exceptional clarity of mind. [potion of beneficial mutation]
  8628 | D:9      | Reached skill level 10 in Fighting
  8893 | D:9      | Noticed emiel's ghost (experienced DDSk)
  8912 | D:9      | Killed emiel's ghost
  8912 | D:9      | Reached XP level 10. HP: 97/97 MP: 4/4
  8985 | D:9      | Reached skill level 12 in Fighting
  9681 | D:10     | Entered Level 10 of the Dungeon
  9681 | D:10     | Noticed a hill giant
  9688 | D:10     | Killed a hill giant
 10265 | D:10     | Received a gift from Trog
 10330 | D:10     | Noticed a hill giant
 10331 | D:10     | Noticed Erica
 10345 | D:10     | Killed a hill giant
 10469 | D:10     | Killed Erica
 10501 | D:10     | Gained mutation: You have a beak for a mouth. [potion of beneficial mutation]
 10612 | D:10     | Reached XP level 11. HP: 102/104 MP: 1/4
 11285 | D:10     | HP: 3/104 [killer bee (5)]
 11285 | D:10     | Mangled by an orc warrior

Action                   |  1- 3 |  4- 6 |  7- 9 | 10-12 || total
-------------------------+-------+-------+-------+-------++-------
Melee: Mace              |    67 |    65 |       |       ||   132
       Flail             |       |    85 |   228 |   102 ||   415
       Great mace        |       |       |       |    84 ||    84
Invok: Berserk           |     1 |     1 |     3 |     3 ||     8
  Use: Scroll            |       |       |     9 |       ||     9
       Potion            |       |       |     1 |     2 ||     3
  Eat: Chunk             |     2 |     1 |     4 |       ||     7
       Beef jerky        |       |     4 |       |       ||     4
       Bread ration      |       |     1 |     1 |       ||     2
       Meat ration       |       |       |     2 |     2 ||     4
